Map: [ESL] Inside and Out

Players

Serral - Winner!

  • Race: Zerg Zerg
  • Spawn Location: 7:00

gumiho

  • Race: Terran Terran
  • Spawn Location: 1:00

Event: HomeStory Cup XXII

VOD

Have the link to the VOD?

Description

Time

  • Played on: Dec. 15, 2022, 3:35 p.m.
  • Length: 18:33

All games in this series

Show
View Real Time Build Order
Export as new Build Order

Serral Zerg - Winner!

Build Orders: Pool First, Lurkers 

Get SALT Encoding   

  12  0:00  Drone  
  13  0:11  Overlord  
  13  0:17  Drone  
  14  0:30  Drone x2  
  14  0:33  Drone  
  17  0:44  Extractor  
  17  0:46  Drone  
  17  0:49  Spawning Pool  
  16  0:55  Drone  
  17  1:06  Drone  
  18  1:17  Hatchery  
  17  1:21  Drone  
  18  1:35  Queen  
  18  1:36  Zergling x2  
  18  1:39  Zergling x2  
  22  1:45  Metabolic Boost  
  22  1:51  Overlord  
  22  2:11  Queen  
  22  2:14  Zergling x4  
  26  2:20  Drone  
  27  2:28  Drone  
  28  2:31  Drone  
  29  2:39  Drone  
  29  2:42  Hatchery  
  29  2:46  Drone x2  
  31  2:52  Queen  
  31  2:57  Overlord  
  33  3:01  Drone  
  33  3:03  Drone  
  35  3:08  Drone  
  36  3:18  Overlord  
  37  3:20  Drone x2  
  37  3:21  Drone x2  
  37  3:22  Drone  
  41  3:28  Queen  
  41  3:30  Drone  
  44  3:36  Queen  
  44  3:38  Drone  
  44  3:39  Drone  
  48  3:42  Drone  
  48  3:47  Roach Warren  
  48  3:51  Overlord  
  48  3:52  Drone  
  49  3:55  Zergling x2  
  49  4:01  Extractor, Overlord  
  49  4:02  Drone x2  
  51  4:04  Extractor  
  51  4:08  Overlord  
  50  4:18  Overlord  
  50  4:27  Roach x6  
  62  4:32  Roach x2  
  66  4:39  Overlord  
  66  4:40  Roach  
  66  4:42  Roach  
  69  4:50  Zergling x8  
  72  5:02  Zergling x2, Overlord  
  72  5:03  Zergling x6  
  76  5:08  Ravager x2  
  76  5:09  Ravager  
  76  5:12  Zergling x8  
  83  5:16  Ravager  
  83  5:17  Overlord  
  83  5:19  Zergling x2  
  82  5:28  Zergling x4  
  82  5:30  Ravager  
  83  5:40  Ravager x2  
  82  5:43  Overlord  
  82  5:45  Zergling x8  
  82  5:47  Overlord  
  77  6:02  Zergling x12  
  72  6:06  Zergling x6  
  72  6:10  Drone  
  66  6:13  Drone  
  66  6:14  Drone  
  66  6:16  Drone  
  66  6:18  Drone  
  66  6:22  Drone  
  66  6:24  Drone  
  66  6:25  Drone  
  63  6:26  Drone  
  63  6:30  Drone  
  62  6:33  Drone x2  
  62  6:39  Lair  
  64  6:42  Roach  
  64  6:44  Roach  
  68  6:47  Roach  
  68  6:48  Roach  
  74  6:54  Roach x3  
  74  6:58  Roach  
  74  6:59  Roach  
  81  7:04  Roach x2  
  85  7:09  Overlord  
  85  7:12  Ravager x3  
  85  7:14  Overlord  
  86  7:25  Drone x3  
  86  7:28  Drone  
  86  7:29  Drone x2, Overlord  
  92  7:30  Roach x2  
  92  7:32  Overlord  
  92  7:34  Overlord  
  98  7:37  Roach x2  
  98  7:41  Overlord  
  99  7:46  Glial Reconstitution  
  99  7:50  Overlord  
  99  7:51  Extractor  
  97  7:53  Drone x4  
  97  7:54  Evolution Chamber  
  99  8:03  Drone x3  
  102  8:06  Drone x3  
  102  8:09  Evolution Chamber  
  108  8:12  Roach  
  108  8:13  Roach  
  108  8:20  Drone  
  108  8:21  Drone x2  
  108  8:25  Zerg Ground Armor Level 1  
  108  8:26  Overlord  
  111  8:27  Extractor  
  111  8:28  Overseer, Roach x4  
  111  8:29  Extractor  
  117  8:35  Roach x2  
  121  8:45  Zerg Missile Weapons Level 1  
  121  8:48  Infestation Pit  
  120  8:52  Drone x4  
  120  8:54  Roach x3  
  120  8:55  Roach  
  132  8:59  Hatchery, Overlord  
  129  9:04  Overlord  
  129  9:10  Overlord  
  129  9:12  Zergling x8  
  129  9:14  Zergling x2  
  134  9:19  Zergling x8  
  138  9:31  Infestor x2  
  139  9:32  Roach x4  
  149  9:39  Drone, Hive  
  149  9:40  Hydralisk Den, Drone  
  149  9:45  Drone x4  
  154  9:48  Drone x2  
  156  9:53  Roach x3  
  156  9:54  Roach  
  156  9:59  Ravager x2  
  166  10:00  Ravager  
  166  10:03  Drone x2  
  166  10:12  Drone x3  
  166  10:13  Drone  
  168  10:15  Extractor  
  168  10:17  Overlord x2  
  168  10:19  Zergling x6, Extractor  
  168  10:21  Lurker Den  
  168  10:23  Zergling x6  
  171  10:38  Hydralisk x6  
  183  10:46  Zerg Melee Weapons Level 1  
  180  10:50  Zerg Ground Armor Level 2  
  180  10:52  Drone x2  
  180  10:55  Hydralisk  
  180  10:56  Spore Crawler  
  181  10:59  Zergling x10  
  186  11:10  Drone x3  
  186  11:11  Drone x2  
  191  11:19  Lurker x5  
  196  11:27  Seismic Spines, Hatchery  
  196  11:28  Lurker x2  
  193  11:37  Roach x3  
  199  11:42  Ravager  
  194  11:48  Zergling x12  
  194  11:49  Zergling x4  
  188  11:57  Roach x5  
  188  12:00  Ravager x2  
  193  12:04  Ravager  
  194  12:12  Roach x4  
  191  12:19  Zergling x14  
  184  12:26  Ravager  
  184  12:27  Ravager  
  186  12:35  Viper x2  
  186  12:36  Viper  
  195  12:38  Zergling x8  
  199  12:50  Zerg Missile Weapons Level 2  
  192  13:13  Hydralisk x4  
  199  13:27  Zerg Ground Armor Level 3  
  199  13:30  Pneumatized Carapace  
  199  13:34  Burrow  
  199  13:40  Drone x2  
  197  13:42  Drone  
  197  13:43  Baneling Nest  
  197  13:44  Drone x2  
  199  13:54  Viper  
  191  14:01  Zergling x10  
  191  14:02  Zergling x12  
  178  14:05  Drone x5  
  180  14:14  Zergling x12  
  180  14:15  Zergling x10  
  189  14:19  Grooved Spines  
  189  14:21  Drone x3  
  176  14:32  Drone x2  
  178  14:40  Overlord x2  
  178  14:44  Lurker x3  
  181  14:46  Hatchery  
  181  14:49  Zergling x2  
  181  14:50  Zergling x24  
  181  14:52  Centrifugal Hooks  
  193  14:53  Drone, Adrenal Glands  
  193  14:54  Drone  
  193  14:55  Drone  
  193  14:56  Drone x2  
  198  15:06  Overseer x2  
  195  15:08  Zergling x10  
  195  15:10  Zerg Melee Weapons Level 2  
  181  15:25  Drone x5, Nydus Network  
  181  15:26  Drone  
  176  15:28  Zergling x26  
  176  15:31  Muscular Augments  
  186  15:44  Overseer, Infestor, Overlord  
  186  15:47  Zergling x20  
  186  15:48  Baneling x8  
  186  15:49  Baneling x3  
  196  15:51  Drone  
  196  15:52  Ultralisk Cavern  
  196  15:55  Drone x3  
  199  16:11  Nydus Canal  
  188  16:32  Zergling x48  
  187  16:40  Zergling x22  
  187  16:46  Zergling x4  
  200  16:49  Overseer  
  200  16:50  Infestor  
  200  16:53  Baneling x3  
  200  17:01  Nydus Canal  
  200  17:03  Baneling x10  
  200  17:07  Overseer x3  
  200  17:08  Overseer  
  200  17:09  Hatchery  
  200  17:12  Overseer  
  199  17:15  Nydus Canal  
  199  17:17  Zergling x2, Baneling x10  
  200  17:31  Nydus Canal  
  183  17:43  Zergling x34  
  183  17:44  Zergling x18  
  190  17:49  Zergling x22  
  192  17:55  Overlord x2  
  189  18:03  Overlord  
  189  18:05  Baneling x9  
Show
View Real Time Build Order
Export as new Build Order

gumiho Terran 

Build Orders: Command Center First (CC) 

Get SALT Encoding   

  12  0:00  SCV  
  13  0:12  SCV  
  14  0:17  Supply Depot  
  14  0:24  SCV  
  15  0:38  SCV  
  16  0:50  SCV  
  17  0:59  Command Center  
  17  1:02  SCV  
  18  1:12  Barracks  
  18  1:15  SCV  
  19  1:20  Refinery  
  19  1:27  SCV  
  19  1:29  Refinery  
  20  1:39  SCV  
  21  1:51  SCV  
  22  1:59  Reaper  
  23  2:03  Orbital Command  
  23  2:10  Orbital Command  
  23  2:16  Factory  
  23  2:27  Barracks  
  23  2:29  SCV  
  24  2:31  Barracks Reactor  
  24  2:36  SCV  
  25  2:41  SCV  
  26  2:48  SCV  
  27  2:53  SCV  
  28  3:01  Hellion  
  28  3:03  Starport  
  28  3:05  SCV  
  32  3:10  Marine  
  32  3:11  Marine  
  33  3:17  SCV x2  
  33  3:18  Barracks Tech Lab  
  33  3:22  Hellion  
  34  3:28  Marine x2  
  34  3:29  SCV x2  
  34  3:32  Supply Depot  
  38  3:38  Stimpack  
  38  3:39  Medivac  
  40  3:41  SCV x2  
  40  3:44  Hellion  
  40  3:45  Marine  
  45  3:49  Marine  
  45  3:53  Marine  
  45  3:54  SCV x2  
  49  3:58  Supply Depot  
  49  4:02  Marine  
  49  4:07  Hellion  
  53  4:12  Medivac  
  54  4:19  Marine x2  
  54  4:20  Supply Depot, SCV x2, Marine  
  59  4:24  Supply Depot  
  59  4:30  Factory Tech Lab  
  59  4:33  SCV x2  
  59  4:37  Marine  
  62  4:42  Marine  
  62  4:45  SCV x2  
  65  4:51  Siege Tank  
  68  4:53  Supply Depot  
  68  4:54  Supply Depot  
  68  4:55  Marine  
  68  4:57  SCV x2  
  68  4:58  Marine  
  68  4:59  Marine  
  73  5:09  SCV  
  73  5:13  Marine  
  75  5:16  Marine  
  75  5:17  Combat Shield, Marine  
  75  5:18  Supply Depot  
  75  5:20  Supply Depot  
  77  5:23  Siege Tank  
  77  5:31  Marine  
  77  5:34  Marine  
  77  5:35  Marine  
  80  5:41  Supply Depot  
  80  5:42  Supply Depot  
  73  6:01  Marine  
  73  6:02  Marine x2  
  73  6:03  Siege Tank  
  57  6:12  SCV x2  
  51  6:19  Marine x2  
  51  6:20  Marine  
  51  6:24  SCV x2  
  52  6:27  Medivac  
  54  6:35  Siege Tank  
  54  6:36  SCV x2  
  54  6:37  Marine x3  
  62  6:48  SCV x2  
  64  6:54  Marine  
  64  6:55  Marine x2  
  64  7:00  SCV  
  64  7:01  SCV  
  69  7:07  Siege Tank  
  72  7:12  Marine  
  72  7:13  SCV x2, Marine x2  
  77  7:17  Supply Depot  
  77  7:18  Supply Depot, Command Center  
  77  7:19  Supply Depot  
  76  7:25  SCV x2  
  76  7:26  Starport Reactor  
  75  7:30  Marine  
  75  7:31  Marine x2  
  78  7:37  Supply Depot, SCV x2  
  78  7:39  Supply Depot, Siege Tank  
  79  7:48  Marine  
  79  7:49  SCV x2, Marine  
  79  7:51  Barracks  
  83  7:52  Barracks  
  83  7:53  Barracks  
  83  8:01  SCV x2  
  85  8:10  Engineering Bay  
  85  8:11  Siege Tank  
  88  8:13  SCV x2  
  88  8:15  Engineering Bay  
  88  8:16  Marine x2  
  88  8:17  Marine  
  93  8:20  Liberator  
  96  8:30  SCV x2  
  96  8:34  Liberator, Marine x2  
  98  8:35  Marine  
  98  8:38  Refinery  
  98  8:41  Refinery  
  104  8:51  SCV  
  104  8:52  Orbital Command  
  105  8:58  Terran Infantry Armor Level 1, Terran Infantry Weapons Level 1, Marine x2  
  105  9:01  SCV  
  110  9:04  SCV  
  109  9:10  Barracks Reactor x2  
  109  9:13  SCV  
  109  9:16  SCV  
  111  9:19  Marine  
  111  9:20  Supply Depot  
  111  9:21  Barracks Reactor  
  111  9:22  Supply Depot  
  111  9:24  Supply Depot  
  112  9:25  SCV  
  112  9:28  SCV, Siege Tank  
  112  9:30  SCV  
  118  9:35  Marine  
  118  9:36  Marine  
  118  9:38  SCV  
  121  9:40  SCV  
  121  9:41  Supply Depot  
  121  9:42  Supply Depot  
  121  9:44  Refinery  
  122  9:47  Refinery  
  122  9:54  Supply Depot x2, SCV x3  
  125  10:00  Armory, Siege Tank, Marine  
  129  10:11  Marauder  
  129  10:13  Marine x3  
  133  10:18  SCV x3  
  136  10:25  Marine x3  
  136  10:26  Marine  
  140  10:32  Command Center  
  140  10:33  Siege Tank  
  143  10:39  Medivac x2  
  147  10:46  Marauder, Marine x3  
  147  10:48  Marine x2  
  147  10:49  Marine  
  155  10:53  Marine x2  
  155  10:56  SCV  
  155  10:57  SCV x2  
  160  11:04  Marine  
  160  11:05  Sensor Tower, Siege Tank  
  160  11:08  Marauder  
  166  11:20  Barracks  
  166  11:22  Barracks x2  
  166  11:23  Terran Infantry Armor Level 2, Terran Infantry Weapons Level 2  
  163  11:37  Siege Tank  
  166  11:44  Liberator x2  
  169  11:57  Marauder  
  169  12:00  Ghost Academy  
  162  12:02  Marine x5  
  167  12:09  Siege Tank  
  167  12:11  Barracks Tech Lab  
  167  12:12  Barracks Tech Lab x2  
  160  12:22  Marine x4  
  137  12:23  Marine x3  
  137  12:24  Marauder, Marine  
  143  12:31  Ghost x2  
  143  12:32  Ghost  
  143  12:33  Missile Turret  
  143  12:36  Viking  
  151  12:37  Missile Turret  
  151  12:40  Marine  
  151  12:41  Siege Tank  
  155  12:46  Marine  
  155  12:47  Marauder, Marine x2  
  155  12:48  Marine  
  155  12:49  Marine  
  162  13:00  Marauder  
  162  13:03  Ghost x2  
  168  13:06  Marine x2  
  168  13:13  Siege Tank  
  171  13:21  Planetary Fortress  
  171  13:24  Marauder, Marine x3  
  176  13:29  Missile Turret  
  176  13:30  Personal Cloaking  
  175  13:39  Ghost x2  
  178  13:45  Siege Tank  
  171  13:57  Ghost x2  
  164  14:05  Marine x4  
  164  14:07  Ghost  
  164  14:08  Marauder  
  164  14:09  Medivac x2  
  166  14:12  Concussive Shells  
  166  14:18  Marine x2  
  166  14:19  Marine x2  
  166  14:21  Sensor Tower  
  169  14:26  Marauder  
  169  14:29  Marine x2  
  169  14:30  Marauder, Marine x3  
  142  14:35  Refinery x2, SCV x2  
  142  14:36  SCV  
  142  14:37  Marauder  
  147  14:41  Siege Tank  
  147  14:43  Marine  
  147  14:44  Marine  
  152  14:47  Marauder  
  154  14:56  SCV x2  
  156  15:11  Command Center x2  
  153  15:22  Ghost x2  
  157  15:32  Command Center x2  
  157  15:33  Ghost x2  
  157  15:34  Sensor Tower  
  161  15:36  Viking x2  
  165  15:49  Command Center  
  165  15:55  Missile Turret  
  165  15:56  Terran Infantry Weapons Level 3, Terran Infantry Armor Level 3  
  165  15:58  Terran Vehicle Weapons Level 1  
  165  16:06  Viking  
  167  16:13  Marauder x2, Marine x3  
  159  16:30  Ghost x2  
  146  16:34  Ghost  
  146  16:35  Marine x2  
  146  16:36  Marauder  
  146  16:37  Siege Tank  
  144  16:41  Liberator  
  147  16:53  Orbital Command x2  
  147  17:04  Orbital Command  
  147  17:10  Ghost x3  
  147  17:13  Siege Tank  
  147  17:14  Marauder, Marine x2  
  160  17:17  Marine x2  
  162  17:23  Marine x4  
  166  17:35  Marauder  
  160  17:38  Ghost  
  160  17:39  Marauder x2  
  160  17:42  Orbital Command  
  136  17:47  Marine  
  136  17:48  Marine  
  136  17:49  Marine  
  136  17:50  Marine  
  121  17:57  Marauder  
  123  18:00  Marauder x2  
  123  18:03  Marine x2  
  129  18:08  Marauder  
  129  18:11  Marine  
Tags
 
Add a new tag
Caveats
  • Supply blocks, unpowered buildings, or Contaminate may cause inaccurate times.
  • Supply counts are checked every 10 seconds.